 Dungeon Crawl Stone Soup version 0.20-a0-957-g47ad1fd (webtiles) character file.

85 M4edhros the Chopper (level 4, -3/39 HPs)
             Began as a Minotaur Berserker on Apr 5, 2017.
             Was a Believer of Trog.
             Killed by divine providence
             ... invoked by an orc priest
              (12 damage)
             ... on level 5 of the Dungeon.
             The game lasted 00:01:29 (428 turns).

M4edhros the Chopper (Minotaur Berserker)            Turns: 428, Time: 00:01:30

Health: -3/39      AC:  2    Str: 22    XL:     4   Next: 25%
Magic:  3/3        EV: 12    Int:  4    God:    Trog [**....]
Gold:   52         SH:  0    Dex: 10    Spells: 3/3 levels left

rFire    . . .     SeeInvis .   a - +0 hand axe
rCold    . . .     Gourm    +   (no shield)
rNeg     . . .     Faith    .   b - +0 animal skin
rPois    .         Spirit   .   (helmet restricted)
rElec    .         Reflect  .   (no cloak)
rCorr    .         Harm     .   (no gloves)
MR       .....                  (no boots)
Stlth    +.........             j - amulet of the gourmand
Regen    0.2/turn               (no ring)
MPRegen  0.1/turn               (no ring)

@: exhausted, slowed, very slow
A: retaliatory headbutt, horns 2
a: Berserk, Trog's Hand, Burn Spellbooks, Renounce Religion


You were on level 5 of the Dungeon.
You worshipped Trog.
Trog was pleased with you.
You were not hungry.

You visited 1 branch of the dungeon, and saw 5 of its levels.

You collected 52 gold pieces.

Inventory:

Hand Weapons
 a - a +0 hand axe (weapon)
Missiles
 f - 4 javelins (quivered)
 h - 2 tomahawks
Armour
 b - a +0 animal skin (worn)
 e - a +0 ring mail
Jewellery
 j - an amulet of the gourmand (around neck)
Scrolls
 d - 2 scrolls of immolation {unknown}
 g - a scroll of identify {unknown}
 k - a scroll of fear {unknown}
 l - a scroll of teleportation {unknown}
 m - a scroll of blinking {unknown}
Comestibles
 c - a bread ration
 i - a meat ration


   Skills:
 - Level 3.6 Fighting
 + Level 6.1 Axes
 - Level 2.4 Armour
 - Level 2.1 Dodging


You had 3 spell levels left.
You didn't know any spells.

Dungeon Overview and Level Annotations

Branches:
Dungeon (5/15)             Temple (0/1) D:4

Altars:


Innate Abilities, Weirdness & Mutations

You reflexively headbutt those who attack you in melee.
You have a pair of horns on your head.


Message History

Trog appreciates your killing of a magic user.
Your Axes skill increases to level 6!
You have reached level 4!
You feel stronger.
You closely miss the orc priest.
Unknown command.
You slash the orc priest! Your headbutt misses the orc priest.
The orc priest is almost dead.
The orc priest mumbles some strange prayers to Beogh against you.
You barely resist.
Unknown command.
You closely miss the orc priest. Your headbutt misses the orc priest.
The orc priest is almost dead.
You are no longer berserk.
Trog's vigour flows through your veins.
You are exhausted.
You feel yourself slow down.
The orc priest calls down the wrath of Beogh upon you.
Beogh smites you!
You die...

#.#### #....#
####.# #.# #.#
#.# #.## #.)#
##@#
......).o.....#
#######.####..#
#.# #.# #..
#ยง. #.#


You could see an orc priest.

Vanquished Creatures
  2 orc wizards (D:5)
  A dart slug (D:2)
  2 orcs (D:5)
  2 bats (D:2)
  A goblin (D:2)
  2 hobgoblins
  9 jackals (D:2)
  A kobold (D:2)
  A ball python (D:2)
  2 frilled lizards
  4 rats
27 creatures vanquished.

Notes
Turn   | Place    | Note
-------+----------+-------------------------------------------
     0 | D:1      | M4edhros the Minotaur Berserker began the quest for the Orb.
     0 | D:1      | Reached XP level 1. HP: 19/19 MP: 0/0
   116 | D:2      | Reached skill level 4 in Axes
   207 | D:2      | Reached XP level 2. HP: 16/26 MP: 1/1
   250 | D:2      | Reached skill level 5 in Axes
   359 | D:4      | Found a staircase to the Ecumenical Temple.
   389 | D:5      | Entered Level 5 of the Dungeon
   416 | D:5      | Reached XP level 3. HP: 22/31 MP: 2/2
   424 | D:5      | Reached ** piety under Trog
   425 | D:5      | Reached skill level 6 in Axes
   425 | D:5      | Reached XP level 4. HP: 13/39 MP: 3/3
   428 | D:5      | Killed from afar by an orc priest

Vault maps used:
D:1:      roderic_crop_circles_arrival_small, hangedman_decor_points,
          minivault_5
D:2:      minmay_misc_feat_doors, kennysheep_nub
D:4:      minmay_temple_entry_overgrown, kennysheep_small_square
D:5:      grunt_dithmenos_smoke_and_mirrors, nicolae_overflow_hidden_temple,
          first_bread, lightli_minifort

Skill      XL: |  1  2  3 |
---------------+----------+-----
Axes           | 4 5 6 |  6.1
Fighting       | |  3.6
Armour         | |  2.4
Dodging        | |  2.1

Action                   |  1- 3 |  4- 6 || total
-------------------------+-------+-------++-------
Melee: Hand axe          |    64 |     3 ||    67
       Headbutt          |    14 |       ||    14
Invok: Berserk           |     2 |       ||     2
 Stab: Sleeping          |     1 |       ||     1
  Eat: Chunk             |     5 |       ||     5
Armor: Animal skin       |    17 |       ||    17
Dodge: Dodged            |    27 |       ||    27
